cohdb
Replays
Latest Replays
All Replays
Popular Replays
Top Player Replays
Match Explorer
How It Works
Community
CoH3 Stats
Reddit
Sign in to upload your games and track your stats! →
Sign in with Steam
Match 45223476
Unlisted
Match 45223476
Overview
Messages
Build Orders
End
Construct Infanterie Kompanie
Pioneer Squad
Selects Breakthrough Battlegroup
Selects Assault Grenadiers
Grenadier Squad
Grenadier Squad
GrW 34 Mortar Team
Infanterie Officer Quarters
Grenadier Squad
Selects Breakthrough
Breakthrough
MG 42 Machine Gun Team
Construct Panzergrenadier Kompanie
Pak 40 Anti-tank Gun Team
Selects Mechanized Assault Group
Pak 40 Anti-tank Gun Team
Panzergrenadier Squad
Medical Station
Selects Rapid Production
Selects Blitzkrieg
Support Elements
Breakthrough
pagep
7k this year for sure
403671774
ZoroArk.Choi
0
0
Comments
sign in to comment!
No comments posted yet!